 Dungeon Crawl Stone Soup version 0.29-a0-378-gc08b2e8bf8 (webtiles) character file.

Game seed: 4324082115127569081

72 Antichthon the Covered (level 4, -5/29 HPs)
             Began as a Gargoyle Fighter on May 5, 2022.
             Killed from afar by Natasha (11 damage)
             ... with a magic dart
             ... on level 2 of the Dungeon.
             The game lasted 00:02:25 (1673 turns).

Antichthon the Covered (Gargoyle Fighter)           Turns: 1673, Time: 00:02:26

Health: -5/29      AC:  0    Str: 19    XL:     4   Next: 26%
Magic:  4/4        EV: 18    Int: 11    God:
Gold:   105        SH:  0    Dex: 14    Spells: 3/3 levels left

rFire   . . .      SeeInvis .   (weapon currently unavailable)
rCold   . . .      Faith    .   (shield currently unavailable)
rNeg    + . .      Spirit   .   (body armour currently unavailable)
rPois   ∞          Reflect  .   (helmet currently unavailable)
rElec   .          Harm     .   (cloak currently unavailable)
rCorr   .          Rampage  .   (gloves currently unavailable)
Will    .....                   (boots currently unavailable)
Stlth   +.........              (no amulet)
HPRegen 0.09/turn               (ring currently unavailable)
MPRegen 0.09/turn               (ring currently unavailable)

@: bat-form, flying, very quick
A: fast, flying, no casting, sickness immunity, AC +3, tiny, negative energy
resistance 1, (electricity resistance), torment resistance 1, petrification
resistance
a: no special abilities


You were on level 2 of the Dungeon.
You were a bat.
You visited 1 branch of the dungeon, and saw 2 of its levels.

You collected 105 gold pieces.

Inventory:

Hand Weapons
 a - a +0 flail (melded)
Armour
 b - a +1 scale mail (melded)
 c - a +0 buckler (melded)
 f - a +0 cloak (melded)
Potions
 d - a potion of might
 e - a potion of attraction
 g - a potion of curing
 h - a potion of heal wounds
 i - a potion of mutation {unknown}


   Skills:
 * Level 3.6 Fighting
 * Level 3.0 Maces & Flails
 * Level 3.7 Armour
 * Level 0.6 Dodging
 * Level 3.7 Shields
 * Level 0.9 Invocations


You had 3 spell levels left.
You didn't know any spells.
Your spell library contained the following spells:

 Spells                   Type           Power      Damage    Failure   Level
 Airstrike                Air            0%         N/A       98%         4
 Summon Lightning Spire   Summ/Air       0%         N/A       98%         4
 Lightning Bolt           Conj/Air       0%         1d11      100%        5


Dungeon Overview and Level Annotations

Branches:
Dungeon (2/15)

Altars:

Shops:
D:1 (

Annotations:
D:2 Natasha


Innate Abilities, Weirdness & Mutations

You are a bat.
You are tiny and dextrous.
You move quickly.
You are flying.
Your equipment is almost entirely melded.
You are incapable of wielding weapons or throwing items.
You cannot cast spells.
You are immune to sickness and miasma.
((Your stone body is resilient. (AC +3)))
You are immune to poison.
You resist negative energy. (rN+)
((You are resistant to electric shocks. (rElec)))
You are resistant to unholy torment.
You are immune to petrification.


Message History

Natasha is heavily wounded.
Natasha claws you!
You closely miss Natasha.
Natasha is heavily wounded.
Natasha misses you.
You hit Natasha but do no damage.
Natasha is heavily wounded.
Natasha casts a spell at you. The magic dart hits you!
You hit Natasha.
Natasha is heavily wounded.
Natasha extends her claws.
Natasha closely misses you.
You hit Natasha but do no damage.
Natasha is heavily wounded.
Natasha completely misses you.
You hit Natasha but do no damage.
Natasha is heavily wounded.
Unknown command.
You hit Natasha.
Natasha is severely wounded.
Natasha closely misses you.
You hit Natasha but do no damage.
Natasha is severely wounded.
Natasha closely misses you.
You hit Natasha but do no damage.
Natasha is severely wounded.
Natasha completely misses you.
You barely miss Natasha.
Natasha is severely wounded.
Natasha barely misses you.
You barely miss Natasha.
Natasha is severely wounded.
Natasha claws you.
* * * LOW HITPOINT WARNING * * *
Unknown command.
Unknown command.
Natasha stares at you and mumbles some strange words.
The magic dart hits you!
You die...

##############...###..##..>
#.............)..†....#####
#.#................#..#
#..##............##..##
#..#.#..........#.#..#
#...#.##......##.#...#
#....##.#....#.##....#
##....#.#.#..#.#.#.)†.# **
#......#.##b.##.#.....# *,
#.......##....##......## *,
#......................# *,
#.......h..............# **
#.......##....##.......# **
#......#.##..##.#.)....# *,
#.....#.#.#..#.#.#.....#
**,
#.....##.#....#.##.....#
*,*
#....#.*#......##.#....#
**,


You could see Natasha.

Vanquished Creatures
  Natasha (D:2)
  4 worms (D:2)
  2 dart slugs (D:1)
  4 bats (D:1)
  An endoplasm (D:1)
  6 hobgoblins
  7 kobolds
  A ball python (D:1)
  A frilled lizard (D:1)
  6 rats
33 creatures vanquished.

Vanquished Creatures (others)
  A fungus (D:2)
1 creature vanquished.

Grand Total: 34 creatures vanquished

Notes
Turn   | Place    | Note
-------+----------+-------------------------------------------
     0 | D:1      | Antichthon the Gargoyle Fighter began the quest for the
                  | Orb.
     0 | D:1      | Reached XP level 1. HP: 14/14 MP: 1/1
    71 | D:1      | Found Zeywa's Weapon Shop.
   142 | D:1      | Reached XP level 2. HP: 19/19 MP: 2/2
   624 | D:1      | Found a faded altar of an unknown god.
   670 | D:1      | Reached XP level 3. HP: 23/23 MP: 3/3
  1105 | D:2      | Noticed Natasha
  1115 | D:2      | Killed Natasha
  1439 | D:2      | Reached XP level 4. HP: 28/28 MP: 4/4
  1652 | D:2      | Noticed Natasha
  1673 | D:2      | Killed from afar by Natasha

Illustrated notes

Levels and vault maps discovered:
D:1:      scummos_arrival_forest, layout_basic, shapermc_ecumenical_altar_gd,
          serial_shops, nicolae_diamond_shop, serial_bayou_pond_a
D:2:      layout_loops_ring, minmay_misc_feat_secret_circle, uniq_natasha,
          uniq_crazy_yiuf_cottage

Skill      XL: |  1  2  3  4 |
---------------+-------------+-----
Maces & Flails | 3 |  3.0
Fighting       | |  3.6
Armour         | |  3.7
Dodging        | |  0.6
Shields        | |  3.7
Invocations    | |  0.9

Action                   |  1- 3 |  4- 6 || total
-------------------------+-------+-------++-------
Melee: Flail             |    88 |    35 ||   123
       Unarmed           |       |    12 ||    12
  Use: Scroll            |     6 |     2 ||     8
Armor: Scale mail        |    48 |    17 ||    65
Dodge: Dodged            |    52 |    25 ||    77
Block: Buckler           |    23 |    12 ||    35

Table legend: (Time is in decaauts)
 A = Elapsed time spent in this place.
 B = Non-inter-level travel time spent in this place.
 C = Inter-level travel time spent in this place.
 D = Time resting spent in this place.
 E = Time spent auto-exploring this place.
 F = Levels seen in this place.
 G = Mean time per level.
                   A        B        C        D        E       F      G
               +--------+--------+--------+--------+--------+-----+--------+
         Total |   1708 |   1667 |     41 |    100 |   1196 |   2 |  854.0 |
       Dungeon |   1708 |   1667 |     41 |    100 |   1196 |   2 |  854.0 |
               +--------+--------+--------+--------+--------+-----+--------+

Top non-repeatable levels by time:
     D:1: 1058 daAuts
     D:2: 650 daAuts
